 Dungeon Crawl Stone Soup version 0.19.1 (webtiles) character file.

12 NoWolfie the Grasshopper (level 2, 0/21 HPs)
             Began as a Human Wanderer on Nov 27, 2016.
             Slain by an adder (3 damage)
             ... on level 2 of the Dungeon.
             The game lasted 00:06:21 (769 turns).

NoWolfie the Grasshopper (Human Wanderer)            Turns: 769, Time: 00:06:21

Health: 0/21       AC:  6    Str: 10    XL:     2   Next: 45%
Magic:  6/6        EV:  9    Int: 15    God:
Gold:   19         SH:  0    Dex: 11    Spells: 0 memorised, 7 levels left

rFire  . . .     SeeInvis .     e - +0 dagger
rCold  . . .     Gourm    +     l - +0 ring mail
rNeg   . . .     Faith    .     (no shield)
rPois  .         Spirit   .     (no helmet)
rElec  .         Reflect  .     (no cloak)
rCorr  .         Harm     .     (no gloves)
MR     .....                    h - +0 pair of boots
Stlth  +.........               j - amulet of the gourmand
                                (no ring)
                                (no ring)

@: lethally poisoned (0 -> -2)
A: no striking features
a: no special abilities


You were on level 2 of the Dungeon.
You were not hungry.

You visited 1 branch of the dungeon, and saw 2 of its levels.

You collected 19 gold pieces.

Inventory:

Hand Weapons
 e - a +0 dagger (weapon)
Armour
 d - a +0 robe
 h - a +0 pair of boots (worn)
 l - a +0 ring mail (worn)
Jewellery
 j - an amulet of the gourmand (around neck)
Scrolls
 b - a scroll of teleportation
 i - a scroll of amnesia {unknown}
Potions
 g - a potion of heal wounds {unknown}
 k - 2 potions of degeneration {unknown}
Books
 a - a book of Minor Magic

   Spells                             Type                      Level
   a - Magic Dart                     Conjuration                  1
   b - Blink                          Translocation                2
   c - Call Imp                       Summoning                    2
   d - Repel Missiles                 Charms/Air                   2
   e - Slow                           Hexes                        2
   f - Conjure Flame                  Conjuration/Fire             3
   g - Mephitic Cloud                 Conjuration/Poison/Air       3
 c - Elohocoa's Grimoire of Fire

   Spells                             Type                      Level
   a - Flame Tongue                   Conjuration/Fire             1
   b - Inner Flame                    Hexes/Fire                   3
Comestibles
 f - a bread ration


   Skills:
 + Level 1.2 Fighting
 + Level 0.6 Short Blades
 + Level 0.2 Dodging
 + Level 1.3 Stealth
   Level 1.0 Shields
 - Level 3.0 Spellcasting
   Level 1.0 Summonings
   Level 3.0 Translocations
   Level 1.0 Fire Magic


You had 7 spell levels left.
You didn't know any spells.

Dungeon Overview and Level Annotations

Branches:
Dungeon (2/15)

Altars:


Message History

You feel sick. The rat bites you but does no damage. The adder misses you.
You hit the adder but do no damage.
The adder is severely wounded.
The adder bites you but does no damage. The rat misses you.
You miss the adder.
The adder is severely wounded.
The adder bites you but does no damage. The rat bites you but does no damage.
You barely miss the adder.
The adder is severely wounded.
The adder bites you but does no damage. The rat bites you but does no damage.
The adder bites you but does no damage.
You miss the adder.
The adder is severely wounded.
You feel sick. The adder bites you.
* * * LOW HITPOINT WARNING * * *
The rat bites you but does no damage.
You closely miss the adder.
The adder is severely wounded.
The adder bites you.
You die...

#### ###...#### #........#
#........###############
#...................[...
#........#####†......###
#....................'..
#.....S@.##..........###
#.....r..##..........# #
#........##..........# #
###.#.#####..........# #
#.#.# #...........# #
#.#.# #...........# #
..##.##.#.####...#########
..'S.........'.........
.r###.#.#..###...####.#


You could see an adder and a rat.

Vanquished Creatures
  A dart slug (D:2)
  A bat (D:1)
  2 goblins
  4 hobgoblins
8 creatures vanquished.

Notes
Turn   | Place    | Note
-------+----------+-------------------------------------------
     0 | D:1      | NoWolfie the Human Wanderer began the quest for the Orb.
     0 | D:1      | NoWolfie set off with: a book of Minor Magic, a scroll of teleportation, Elohocoa's Grimoire of Fire, a +0 robe, a +0 dagger, a bread ration
     0 | D:1      | Reached XP level 1. HP: 13/13 MP: 4/4
   342 | D:2      | Reached skill level 1 in Fighting
   342 | D:2      | Reached XP level 2. HP: 8/21 MP: 6/6
   650 | D:2      | Identified Elohocoa's Grimoire of Fire
   769 | D:2      | Slain by an adder

Skill      XL: |  1 |
---------------+----+-----
Fighting       | 1 |  1.2
Short Blades   | |  0.6
Dodging        | |  0.2
Stealth        | |  1.3
Shields        | |  1.0
Spellcasting   | |  3.0
Summonings     | |  1.0
Translocations | |  3.0
Fire Magic     | |  1.0

Action                   || total
-------------------------++-------
Melee: Dagger            ||    80
Armor: Robe              ||     7
       Ring mail         ||    21
Dodge: Dodged            ||    40
